Map: Beckett Industries LE

Players

DnS - Winner!

  • Race: Protoss Protoss
  • League: Master

MarineLorD

  • Race: Terran Terran
  • League: Master

Event: DreamHack SC2 Masters 2021 Summer

VOD

Have the link to the VOD?

Description

Time

  • Played on: May 21, 2021, 11:32 a.m.
  • Length: 13:06

All games in this series

Show
View Real Time Build Order
Export as new Build Order

DnS Protoss - Winner!

Build Orders: 1 Gate Expand, Zealot Archon, Dark Templar Rush 

Get SALT Encoding   

  12  0:09  Pylon  
  12  0:13  Probe  
  13  0:27  Gateway  
  13  0:30  Probe (Chrono Boost)  
  14  0:39  Probe (Chrono Boost)  
  14  0:42  Assimilator  
  15  0:44  Probe (Chrono Boost)  
  16  0:56  Probe  
  17  1:08  Probe  
  18  1:16  Cybernetics Core  
  18  1:20  Probe  
  19  1:30  Nexus  
  19  1:34  Probe  
  20  1:40  Pylon  
  20  1:46  Probe  
  21  1:49  Adept (Chrono Boost)  
  23  1:56  Assimilator  
  23  1:58  Probe  
  24  2:03  Warp Gate  
  24  2:10  Probe, Adept (Chrono Boost)  
  27  2:22  Probe  
  28  2:32  Adept  
  28  2:35  Probe  
  31  2:43  Twilight Council  
  30  2:45  Probe  
  30  2:49  Probe  
  31  2:57  Probe  
  32  3:03  Probe (Chrono Boost)  
  33  3:09  Probe (Chrono Boost)  
  34  3:13  Robotics Facility  
  34  3:15  Probe (Chrono Boost)  
  36  3:20  Probe (Chrono Boost)  
  36  3:23  Probe (Chrono Boost)  
  36  3:25  Probe (Chrono Boost)  
  37  3:29  Probe  
  37  3:35  Probe  
  37  3:36  Dark Shrine  
  38  3:41  Probe  
  38  3:45  Gateway  
  38  3:46  Gateway  
  38  3:48  Probe  
  40  3:53  Probe  
  41  3:57  Warp Prism (Chrono Boost)  
  41  4:00  Probe  
  44  4:09  Pylon  
  44  4:11  Probe, Assimilator  
  44  4:12  Probe  
  44  4:16  Pylon  
  46  4:27  Probe x2  
  46  4:39  Probe x2  
  48  4:51  Probe  
  48  4:52  Dark Templar x3  
  55  4:55  Probe  
  56  5:00  Nexus  
  56  5:04  Probe, Blink (Chrono Boost)  
  56  5:07  Probe  
  56  5:16  Probe  
  56  5:19  Probe  
  58  5:22  Assimilator  
  58  5:25  Pylon  
  58  5:28  Probe  
  59  5:31  Probe  
  59  5:33  Stalker  
  62  5:43  Probe x2  
  62  5:55  Probe (Chrono Boost)  
  64  5:59  Probe (Chrono Boost)  
  64  6:01  Stalker x3  
  70  6:06  Pylon  
  70  6:10  Probe (Chrono Boost)  
  70  6:11  Pylon  
  70  6:12  Probe x2 (Chrono Boost)  
  73  6:19  Probe  
  73  6:23  Probe  
  73  6:24  Forge  
  75  6:26  Pylon  
  75  6:29  Probe  
  75  6:31  Probe  
  77  6:36  Archon, Dark Templar x2  
  77  6:37  Sentry  
  83  6:41  Immortal (Chrono Boost)  
  83  6:44  Archon  
  83  6:46  Protoss Ground Weapons Level 1 (Chrono Boost)  
  87  6:49  Probe  
  87  6:51  Pylon  
  87  6:52  Gateway  
  87  6:53  Probe, Gateway, Pylon x2  
  89  6:55  Gateway x2, Charge (Chrono Boost)  
  89  6:56  Gateway  
  89  7:14  Probe x2  
  91  7:15  Probe  
  91  7:17  Immortal (Chrono Boost)  
  91  7:18  Sentry x2  
  91  7:19  Zealot  
  91  7:22  Shield Battery  
  102  7:26  Probe x2  
  102  7:28  Assimilator  
  104  7:33  Robotics Bay  
  104  7:35  Probe, Assimilator  
  105  7:38  Probe  
  105  7:39  Photon Cannon  
  105  7:42  Stalker  
  105  7:43  Stalker x2  
  112  7:50  Zealot x4  
  112  7:51  Zealot  
  122  8:15  Pylon  
  122  8:18  Stalker x3  
  122  8:19  Zealot x4, Stalker  
  128  8:22  Pylon  
  128  8:28  Pylon  
  128  8:31  Colossus (Chrono Boost)  
  134  8:45  Zealot x4  
  134  8:46  Zealot x3  
  134  8:49  Zealot x4, Stalker  
  134  8:50  Zealot x3  
  128  9:12  Zealot  
  128  9:13  Zealot x5  
  128  9:14  Protoss Ground Weapons Level 2  
  116  9:18  Colossus (Chrono Boost)  
  114  9:34  Templar Archives  
  114  9:38  Sentry x2  
  118  9:40  Pylon  
  118  9:44  Nexus  
  118  9:46  Pylon  
  118  9:48  Zealot  
  118  9:49  Zealot x5  
  130  10:00  Colossus (Chrono Boost)  
  130  10:04  Forge  
  130  10:12  High Templar x3  
  130  10:13  High Templar x2  
  130  10:14  High Templar  
  142  10:15  Zealot x2  
  142  10:17  Archon x2  
  142  10:18  Archon  
  146  10:24  Gateway  
  146  10:26  Gateway  
  146  10:31  Shield Battery  
  146  10:34  Pylon  
  146  10:39  Protoss Ground Armor Level 1  
  146  10:43  Immortal (Chrono Boost)  
  146  10:45  High Templar x2  
  146  10:46  Zealot x3  
  146  10:47  Zealot  
  146  10:49  Archon  
  160  11:04  Gateway, Zealot x2  
  160  11:06  Gateway  
  160  11:09  High Templar x3  
  160  11:10  High Templar  
  172  11:11  Photon Cannon  
  172  11:12  Probe x2  
  172  11:15  Archon  
  172  11:16  Archon  
  172  11:22  Stalker x3  
  178  11:26  Stalker x2  
  180  11:34  Zealot  
Show
View Real Time Build Order
Export as new Build Order

MarineLorD Terran 

Build Orders: Gas First Reaper Expand 

Get SALT Encoding   

  12  0:00  SCV  
  13  0:12  SCV  
  14  0:17  Supply Depot  
  14  0:24  SCV  
  15  0:29  Refinery  
  15  0:38  SCV  
  16  0:44  Barracks  
  16  0:50  SCV  
  17  1:03  SCV  
  18  1:15  SCV  
  19  1:31  Reaper, Orbital Command  
  20  1:43  Command Center  
  20  1:56  Factory  
  20  1:57  SCV  
  21  2:06  Barracks Reactor  
  21  2:09  Supply Depot  
  21  2:12  SCV  
  22  2:18  Refinery  
  22  2:25  SCV  
  23  2:37  SCV  
  24  2:45  Marine x2  
  24  2:49  Starport, SCV  
  24  2:50  Widow Mine  
  29  2:56  Orbital Command  
  29  3:01  SCV  
  29  3:03  Marine x2  
  32  3:12  Widow Mine  
  34  3:15  SCV  
  35  3:20  Marine  
  35  3:21  Marine  
  35  3:23  SCV  
  38  3:28  Orbital Command  
  38  3:30  SCV, Medivac  
  40  3:35  Factory Tech Lab  
  40  3:38  Marine x2  
  42  3:42  SCV, Supply Depot  
  43  3:54  SCV  
  44  3:58  Barracks  
  44  4:00  SCV  
  45  4:04  Siege Tank  
  45  4:05  Marine x2  
  45  4:08  SCV  
  51  4:10  Supply Depot  
  51  4:12  SCV  
  52  4:19  Starport Tech Lab, Barracks  
  52  4:21  SCV  
  53  4:25  Marine  
  54  4:32  SCV, Marine  
  54  4:34  SCV, Supply Depot  
  57  4:41  Siege Tank  
  57  4:44  SCV  
  61  4:46  Engineering Bay  
  61  4:47  Refinery  
  61  4:53  SCV  
  61  4:56  SCV, Supply Depot  
  61  4:59  Marine  
  63  5:00  Stimpack  
  63  5:01  Marine  
  63  5:05  SCV  
  64  5:08  SCV  
  56  5:20  Missile Turret  
  50  5:31  SCV  
  49  5:36  SCV, Marine  
  49  5:39  Marine  
  52  5:44  SCV  
  52  5:48  SCV  
  50  5:53  Marine x2  
  50  5:54  Marine  
  50  5:56  SCV  
  52  6:01  Missile Turret  
  52  6:03  Marine  
  53  6:08  SCV x2  
  55  6:17  Factory Tech Lab  
  54  6:20  SCV x2  
  58  6:26  Marauder, Combat Shield  
  58  6:31  Terran Infantry Weapons Level 1  
  58  6:32  SCV  
  59  6:35  SCV  
  59  6:39  Siege Tank  
  63  6:42  Marine x2  
  63  6:44  SCV  
  63  6:46  Marine  
  67  6:47  SCV, Concussive Shells  
  67  6:49  Starport Reactor  
  67  6:54  Marauder, Supply Depot  
  70  6:56  SCV  
  70  6:58  Supply Depot  
  70  7:00  SCV, Marine x2  
  73  7:08  SCV  
  73  7:12  SCV  
  73  7:14  Marauder  
  73  7:15  Marine  
  74  7:18  Marine, Siege Tank  
  74  7:20  SCV  
  79  7:24  SCV, Marine  
  79  7:28  Supply Depot  
  81  7:30  Medivac, Supply Depot  
  81  7:32  SCV  
  81  7:33  Marine, Viking  
  87  7:38  Marauder  
  87  7:39  Marine  
  87  7:42  Marine  
  91  7:44  Supply Depot  
  91  7:51  Marauder  
  93  7:53  Siege Tank  
  96  7:59  Refinery  
  96  8:00  Marauder, Marine  
  99  8:09  Supply Depot x2  
  99  8:11  Marine  
  99  8:12  Marauder  
  102  8:17  Marine  
  103  8:21  Marauder  
  103  8:26  Command Center  
  105  8:28  Medivac x2  
  106  8:43  Marauder  
  106  8:46  Marauder  
  106  8:47  Marine  
  105  8:56  Marine  
  105  9:02  Siege Tank  
  108  9:04  Barracks x2, Marauder  
  108  9:05  Marine  
  108  9:07  Marauder  
  105  9:14  Marine  
  80  9:18  SCV  
  80  9:22  Marine  
  73  9:25  Marine  
  73  9:26  SCV  
  73  9:28  Liberator x2, Marine  
  73  9:30  SCV  
  82  9:31  Marine  
  83  9:38  Orbital Command  
  83  9:40  Marine  
  83  9:42  Siege Tank  
  83  9:44  Marauder  
  89  9:46  SCV x2, Marauder  
  89  9:52  Marine x3  
  96  9:53  Terran Infantry Armor Level 1  
  96  9:58  SCV x2  
  96  9:59  Marine  
  98  10:03  Orbital Command  
  98  10:05  Marauder  
  101  10:08  Marauder  
  101  10:09  Marine  
  101  10:10  SCV  
  104  10:14  Siege Tank  
  104  10:19  Marine x3  
  110  10:22  Supply Depot x2  
  110  10:26  Liberator, Marine  
  114  10:31  Marauder, Marine  
  117  10:37  Marine, Supply Depot  
  117  10:40  Liberator  
  117  10:41  Marine x2  
  123  10:44  Marauder  
  123  10:48  Marine  
  126  10:51  Marine, Siege Tank  
  126  10:54  Marine  
  131  11:03  Marine  
  131  11:04  Marine  
  131  11:06  Marauder, Marine  
  131  11:10  Marauder  
  136  11:12  Marine  
  139  11:18  SCV x3  
  139  11:20  Refinery  
  139  11:21  Marine x2  
  142  11:27  Marauder  
  142  11:30  SCV x2, Marine x2  
  142  11:31  Marauder  
  127  11:48  Marauder  
  127  11:53  Marauder  
Tags
 
Add a new tag
Caveats
  • Supply blocks, unpowered buildings, or Contaminate may cause inaccurate times.
  • Supply counts are checked every 10 seconds.